 Dungeon Crawl Stone Soup version 0.22.1-2-g9c5b331 (webtiles) character file.

200 Lilu the Conjurer (level 5, -2/28 HPs)
             Began as a Deep Elf Conjurer on Nov 15, 2018.
             Was an Initiate of Vehumet.
             Killed by nerve-wracking pain
             ... invoked by Grinder
              (6 damage)
             ... on level 3 of the Dungeon.
             The game lasted 00:08:25 (2632 turns).

Lilu the Conjurer (Deep Elf Conjurer)               Turns: 2632, Time: 00:08:26

Health: -2/28      AC:  2    Str:  5    XL:     5   Next: 48%
Magic:  8/14       EV: 11    Int: 21    God:    Vehumet [......]
Gold:   146        SH:  0    Dex: 15    Spells: 6/13 levels left

rFire    . . .     SeeInvis .   (no weapon)
rCold    . . .     Gourm    .   (no shield)
rNeg     . . .     Faith    .   a - +0 robe
rPois    .         Spirit   .   (no helmet)
rElec    .         Reflect  .   (no cloak)
rCorr    .         Harm     .   (no gloves)
MR       .....                  (no boots)
Stlth    ++........             (no amulet)
HPRegen  0.09/turn              h - -3 ring of evasion (curse)
MPRegen  0.14/turn              (no ring)

@: very slightly contaminated
A: no striking features
a: Renounce Religion


You were on level 3 of the Dungeon.
You worshipped Vehumet.
Vehumet was noncommittal.
You were not hungry.

You visited 1 branch of the dungeon, and saw 3 of its levels.

You collected 146 gold pieces.

Inventory:

Missiles
 p - 40 arrows
 q - 46 stones (quivered)
 u - 21 bolts
Armour
 a - a +0 robe (worn)
 g - a cursed +0 ring mail
 m - a +0 leather armour
 t - a +0 leather armour
Jewellery
 h - a cursed -3 ring of evasion (left hand)
Scrolls
 b - 5 scrolls of teleportation {unknown}
 j - 3 scrolls of remove curse {unknown}
 l - a scroll of random uselessness {unknown}
 n - 2 scrolls of identify {unknown}
 v - a scroll of fear {unknown}
Potions
 d - a potion of haste {unknown}
 e - a potion of mutation {unknown}
 f - a potion of brilliance {unknown}
 i - 4 potions of curing
 k - 2 potions of heal wounds {unknown}
 o - a potion of degeneration {unknown}
 r - a potion of berserk rage {unknown}
Comestibles
 c - 8 rations
 s - 3 chunks of flesh


   Skills:
 + Level 4.1 Dodging
 - Level 2.4 Stealth
 + Level 4.6 Spellcasting
 * Level 6.1 Conjurations


You had 6 spell levels left.
You knew the following spells:

 Your Spells              Type           Power        Failure   Level  Hunger
a - Magic Dart            Conj           ####         1%          1    None
b - Searing Ray           Conj           ####..       1%          2    #......
c - Iskenderun's Mystic   Conj           ####....     9%          4    ####...

Your spell library contained the following spells:

 Spells                   Type           Power        Failure   Level  Hunger
 Dazzling Spray           Conj/Hex       ###...       10%         3    ##.....
 Force Lance              Conj/Tloc      ###.....     32%         4    ####...
 Fulminant Prism          Conj/Hex       ###.......   32%         4    ####...


Dungeon Overview and Level Annotations

Branches:
Dungeon (3/15)

Altars:
Elyvilon
Vehumet
Yredelemnul

Annotations:
D:3 Grinder


Message History

Grinder is severely wounded.
The searing ray hits Grinder.
Grinder is almost dead.
You finish channeling your searing ray.
Casting: Searing Ray (safe; 1% risk of failure)
Confirm with . or Enter, or press ? or * to list all spells.
Aiming: Searing Ray (safe; 1% risk of failure)
Press: ? - help, Shift-Dir - straight line, f/p - Grinder
Aim: Grinder (almost dead)
You miscast Searing Ray.
You are very lightly contaminated with residual magic.
Your hair stands on end.
Grinder closely misses you.
Grinder drinks a potion.
Grinder is healed!
Grinder hits you!
* * * LOW HITPOINT WARNING * * *
You writhe in agony.
* * * LOW HITPOINT WARNING * * *
Grinder gestures at you. Pain shoots through your body!
You die...

# # #..##.###.# #.# # ##..##.#
#.# #.## # #...##.# #.# #.)#
##.#.##.# #.# ##.# #
#....##.###.# #.# # #..####..#
.# #.# # #..# ##># #.# ## #..#
#.# #.# .. #..# #@# #.# # #..#
#5# ......##.#
#########..#####.# #.....##.#
.................#####..P.P.##.#
...................?.5..._..##.#
##..######.###########..P.P.##.#
...........# .....#..##
##########.# #5S##...S #.#
#.Y##..##


You could see Grinder.

Vanquished Creatures
  An ice beast (D:3)
  Natasha (D:3)
  2 adders
  An ooze (D:2)
  2 worms
  A dart slug (D:1)
  2 leopard geckos
  2 orcs
  10 bats
  3 giant cockroaches
  5 goblins
  7 hobgoblins
  3 kobolds
  6 frilled lizards
  8 rats
54 creatures vanquished.

Notes
Turn   | Place    | Note
-------+----------+-------------------------------------------
     0 | D:1      | Lilu the Deep Elf Conjurer began the quest for the Orb.
     0 | D:1      | Reached XP level 1. HP: 10/10 MP: 6/6
   239 | D:1      | Reached XP level 2. HP: 15/15 MP: 0/8
   250 | D:1      | Learned a level 2 spell: Searing Ray
   986 | D:2      | Reached XP level 3. HP: 19/19 MP: 8/10
  1017 | D:2      | Reached skill level 5 in Conjurations
  1329 | D:2      | Found a white marble altar of Elyvilon.
  1377 | D:2      | Found a radiant altar of Vehumet.
  1389 | D:2      | Became a worshipper of Vehumet
  1783 | D:3      | Found a basalt altar of Yredelemnul.
  1794 | D:3      | Noticed an ice beast
  1797 | D:3      | Noticed Grinder
  1879 | D:3      | Noticed Natasha
  1884 | D:3      | Killed Natasha
  1884 | D:3      | Reached XP level 4. HP: 16/24 MP: 7/12
  1956 | D:3      | Learned a level 4 spell: Iskenderun's Mystic Blast
  2016 | D:3      | Killed an ice beast
  2016 | D:3      | Reached skill level 6 in Conjurations
  2016 | D:3      | Reached XP level 5. HP: 4/28 MP: 4/13
  2481 | D:3      | Found a faded altar of an unknown god.
  2632 | D:3      | Killed from afar by Grinder

Skill      XL: |  1  2  3  4 |
---------------+-------------+-----
Dodging        | 3 4 |  4.1
Conjurations   | 5 6 |  6.1
Spellcasting   | 4 |  4.6
Stealth        | |  2.4

Action                   |  1- 3 |  4- 6 || total
-------------------------+-------+-------++-------
 Cast: Magic Dart        |    59 |    20 ||    79
       Searing Ray       |     7 |     6 ||    13
  Eat: Chunk             |     3 |     2 ||     5
Armor: Robe              |     9 |       ||     9
Dodge: Dodged            |    10 |     3 ||    13
